 Dungeon Crawl Stone Soup version 0.28.0-47-ge53b351184 (webtiles) character file.

Game seed: 4405737516787682327

21 bobregger the Cudgeller (level 2, -1/31 HPs)
             Began as an Ogre Gladiator on May 3, 2022.
             Slain by a kobold
             ... wielding a +2 dagger of electrocution
              (16 damage)
             ... on level 1 of the Dungeon.
             The game lasted 00:00:34 (854 turns).

bobregger the Cudgeller (Ogre Gladiator)             Turns: 854, Time: 00:00:35

Health: -1/31      AC:  3    Str: 17    XL:     2   Next: 87%
Magic:  2/2        EV: 10    Int:  9    God:
Gold:   24         SH:  0    Dex: 10    Spells: 1/1 levels left

rFire   . . .      SeeInvis .   a - +0 flail
rCold   . . .      Faith    .   (no shield)
rNeg    . . .      Spirit   .   b - +0 robe
rPois   .          Reflect  .   c - +0 hat
rElec   .          Harm     .   (no cloak)
rCorr   .          Rampage  .   (gloves unavailable)
Will    .....                   (boots unavailable)
Stlth   +.........              (no amulet)
HPRegen 0.10/turn               (no ring)
MPRegen 0.08/turn               (no ring)

@: no status effects
A: large, unfitting armour, tough skin 1
a: no special abilities


You were on level 1 of the Dungeon.
You visited 1 branch of the dungeon, and saw 1 of its levels.

You collected 24 gold pieces.

Inventory:

Hand Weapons
 a - a +0 flail (weapon)
Missiles
 d - 3 throwing nets (quivered)
Armour
 b - a +0 robe (worn)
 c - a +0 hat (worn)
Jewellery
 i - a ring of fire
Scrolls
 e - a scroll of identify {unknown}
 g - a scroll of enchant weapon {unknown}
 h - a scroll of amnesia {unknown}
 j - a scroll of holy word {unknown}
Potions
 f - a potion of curing {unknown}


   Skills:
 + Level 3.2 Fighting
 * Level 3.2 Maces & Flails
 - Level 2.0 Throwing
 + Level 2.9 Dodging


You had one spell level left.
You didn't know any spells.
Your spell library contained the following spells:

 Spells                   Type           Power      Damage    Failure   Level
 Magic Dart               Conj           0%         1d3       38%         1
 Searing Ray              Conj           0%         2d4       52%         2
 Fulminant Prism          Conj/Hex       0%         3d6       99%         4


Dungeon Overview and Level Annotations

Branches:
Dungeon (1/15)

Altars:


Innate Abilities, Weirdness & Mutations

You are too large for most types of armour.
You have tough skin. (AC +1)


Message History

A giant cockroach comes into view.
The kobold closely misses you.
You sock the kobold!
You kill the kobold!
Things that are here:
a +0 dagger; a kobold corpse You hit the giant cockroach.
You kill the giant cockroach!
Things that are here:
a +0 dagger; a kobold corpse You now have 17 gold pieces (gained 11).
You now have 24 gold pieces (gained 7).
i - a ring of fire
Found a mace.
Found a stone staircase leading down.
j - a scroll labelled VUL DIOLUM A frilled lizard comes into view.
The frilled lizard hisses angrily.
A frilled lizard is nearby!
A frilled lizard is nearby!
The frilled lizard barely misses you.
The frilled lizard bites you but does no damage.
The frilled lizard closely misses you. The frilled lizard bites you.
You thump the frilled lizard!
You kill the frilled lizard!
You see here a frilled lizard corpse.
A kobold comes into view.
It is wielding a +2 dagger of electrocution.
A kobold is nearby!
A kobold is nearby!
A kobold is nearby!
A kobold is nearby!
The kobold closely misses you.
You completely miss the kobold. The kobold hits you but does no damage.
You are electrocuted!
You barely miss the kobold.
The kobold hits you with a +2 dagger of electrocution.
You are electrocuted!
Ouch! That really hurt!
You die...

#.# #.###......#...# #.#
#.......####...# #.#
#..##...†.#..#†## #.#
#......##...##..# #.#
#......#....##... #.#
#..##....##.##)#. #.#
#..#..... ..##.#.
#.#########(....... ..##.#.
#.........@K..........#....
#..#########.............##
#.## ..... ...... ### ....
...... ... ...... .. ... #


You could see a kobold.

Vanquished Creatures
  2 dart slugs (D:1)
  3 endoplasms (D:1)
  2 giant cockroaches (D:1)
  A goblin (D:1)
  A quokka (D:1)
  2 ball pythons (D:1)
  A bat (D:1)
  2 frilled lizards (D:1)
  2 kobolds (D:1)
  2 rats (D:1)
18 creatures vanquished.

Notes
Turn   | Place    | Note
-------+----------+-------------------------------------------
     0 | D:1      | bobregger the Ogre Gladiator began the quest for the Orb.
     0 | D:1      | Reached XP level 1. HP: 22/22 MP: 1/1
    63 | D:1      | Reached XP level 2. HP: 14/31 MP: 2/2
   854 | D:1      | Slain by a kobold

Illustrated notes

Levels and vault maps discovered:
D:1:      minmay_arrival_floating_metal, layout_rooms

Skill      XL: |  1 |
---------------+----+-----
Fighting       | 3 |  3.2
Maces & Flails | 3 |  3.2
Throwing       | |  2.0
Dodging        | |  2.9

Action                   || total
-------------------------++-------
Melee: Flail             ||    35
Armor: Robe              ||    11
Dodge: Dodged            ||    20
